 Dungeon Crawl Stone Soup version 0.28-a0-21-gf74fda84f9 (webtiles) character file.

Game seed: 11317762444581769305

1466 Strat the Quickloader (level 9, -9/69 HPs)
             Began as a Formicid Hunter on July 26, 2021.
             Mangled by a sixfirhy (11 damage)
             ... on level 1 of the Abyss.
             The game lasted 00:18:25 (7515 turns).

Strat the Quickloader (Formicid Hunter)             Turns: 7515, Time: 00:18:26

Health: -9/69      AC:  7    Str: 21    XL:     9   Next: 6%
Magic:  18/18      EV:  9    Int: 10    God:
Gold:   285        SH:  9    Dex: 11    Spells: 8/8 levels left

rFire   + . .      SeeInvis +   b - +2 dagger (protect)
rCold   + . .      Faith    .   r - +0 kite shield
rNeg    . . .      Spirit   .   m - +2 leather armour {rF+}
rPois   .          Reflect  .   (helmet unavailable)
rElec   .          Harm     .   (no cloak)
rCorr   .          Rampage  .   (no gloves)
Will    .....                   x - +1 pair of boots
Stlth   +.........              y - amulet of regeneration
HPRegen 1.21/turn               o - ring of protection from cold
MPRegen 0.16/turn               i - ring of magical power

@: no status effects
A: permanent stasis, dig shafts and tunnels, antennae 3, four strong arms
a: Dig, Shaft Self


You were on level 1 of the Abyss.
You visited 1 branch of the dungeon, and saw 5 of its levels.
You visited the Abyss 1 time.

You collected 285 gold pieces.

Inventory:

Hand Weapons
 a - a +1 hand crossbow
 b - a +2 dagger of protection (weapon)
Missiles
 d - 31 bolts
 e - 103 stones (quivered)
 j - 3 boomerangs
 t - 3 poisoned darts
Armour
 m - a +2 leather armour of fire resistance (worn)
 r - a +0 kite shield (worn)
 u - a +0 chain mail
 x - a +1 pair of boots (worn)
Jewellery
 i - a ring of magical power (right hand)
 o - a ring of protection from cold (left hand)
 y - an amulet of regeneration (around neck)
 C - a ring of flight
Wands
 k - a wand of iceblast (7)
 s - a wand of paralysis (5)
 B - a wand of mindburst (14)
Scrolls
 c - a scroll of vulnerability {unknown}
 l - a scroll of identify
 q - a scroll of torment {unknown}
 v - 3 scrolls of fog
Potions
 f - 2 potions of heal wounds
 g - 2 potions of curing
 h - a potion of mutation
 n - 3 potions of flight {unknown}
 p - 2 potions of lignification {unknown}


   Skills:
 - Level 6.0 Fighting
 + Level 8.9 Crossbows
 - Level 4.0 Armour
 - Level 1.7 Dodging
 - Level 1.2 Stealth
 + Level 3.0 Shields


You had 8 spell levels left.
You didn't know any spells.
Your spell library contained the following spells:

 Spells                   Type           Power      Damage    Failure   Level
 Stone Arrow              Conj/Erth      0%         3d7       99%         3
 Animate Armour           Summ/Erth      0%         N/A       100%        4
 Iskenderun's Battlesphe  Conj           0%         2d6       100%        5
 Iron Shot                Conj/Erth      0%         9d1       100%        6
 Spellforged Servitor     Conj/Summ      0%         N/A       100%        7
 Lehudib's Crystal Spear  Conj/Erth      0%         10d2      100%        8


Dungeon Overview and Level Annotations

Branches:
Dungeon (5/15)
 Temple: D:4-7

Altars:
Sif Muna
Vehumet

Shops:
D:4 (

Annotations:
D:5 Crazy Yiuf, Prince Ribbit


Innate Abilities, Weirdness & Mutations

You cannot be hasted, slowed, berserked, paralysed or teleported.
You can dig through walls and to a lower floor.
You have a pair of large antennae on your head. (SInv)
Your four strong arms can wield two-handed weapons with a shield.


Message History

Crazy Yiuf hits you with a +4 quarterstaff of chaos!
Crazy Yiuf freezes you.
Crazy Yiuf hits you with a +4 quarterstaff of chaos!
You are cast into the Abyss!
To return, you must find a gate leading back.
Killing monsters will force the Abyss to allow you passage.
This branch contains the abyssal rune of Zot.
Beware, you cannot shaft yourself on this level.
There is an open translucent door here.
Found a scroll of teleportation.
Unknown command.
Found a glowing ivory wand.
s - a wand of paralysis (5)
Your +2 dagger of protection hums with potential!
b - a +2 dagger of protection (weapon)
Found 34 gold pieces.
Found a scroll of identify.
The hell hog squeals angrily.
The sixfirhy hits you. The sixfirhy shocks you!
You block the sixfirhy's attack.
You see here 34 gold pieces.
You now have 285 gold pieces (gained 34).
The sixfirhy hits you! The sixfirhy shocks you!
* * * LOW HITPOINT WARNING * * *
The sixfirhy barely misses you. You block the sixfirhy's attack.
The sixfirhy hits you.
* * * LOW HITPOINT WARNING * * *
The sixfirhy shocks you!
* * * LOW HITPOINT WARNING * * *
A spatial maelstrom comes into view.
A spatial vortex comes into view.
You block the sixfirhy's attack. x2
The sixfirhy hits you.
* * * LOW HITPOINT WARNING * * *
The sixfirhy shocks you!
* * * LOW HITPOINT WARNING * * *
The sixfirhy hits you.
* * * LOW HITPOINT WARNING * * *
The sixfirhy shocks you!
You die...

..#....ยง..
..#..#
#..##......
#..# # .
..#...## .#
#####..#......#
##.#.#...##.
#....#vh#...#
#.......####.#
#.#.##..3..#
#.### #.#@.##
#.? ..#.### ..
####. ##


You could see a spatial maelstrom, a hell hog and a sixfirhy.

Vanquished Creatures
  Sigmund (D:2)
  Menkaure (D:5)
  An ogre (D:5)
  3 scorpions
  A wight (D:5)
  2 howler monkeys
  A bullfrog zombie (D:3)
  A jelly (D:4)
  3 hounds
  A gnoll shaman (D:5)
  Jessica (D:2)
  Natasha (thrice) (D:3)
  An iguana (D:4)
  4 orc wizards
  A killer bee zombie (D:3)
  A hound skeleton (D:4)
  15 gnolls (D:5)
  2 adders
  A white imp (D:5)
  2 ufetubi (D:4)
  An adder zombie (D:5)
  A worm (D:4)
  3 dart slugs
  41 orcs
  10 ball pythons
  4 bats (D:1)
  8 endoplasms
  A giant cockroach (D:1)
  8 goblins
  4 hobgoblins (D:1)
  14 jackals
  6 kobolds
  8 quokkas
  3 frilled lizards
  3 rats
161 creatures vanquished.

Vanquished Creatures (others)
  5 plants (D:5)
5 creatures vanquished.

Grand Total: 166 creatures vanquished

Notes
Turn   | Place    | Note
-------+----------+-------------------------------------------
     0 | D:1      | Strat the Formicid Hunter began the quest for the Orb.
     0 | D:1      | Reached XP level 1. HP: 16/16 MP: 1/1
   291 | D:1      | Reached XP level 2. HP: 18/23 MP: 2/2
   738 | D:1      | Reached XP level 3. HP: 23/28 MP: 3/3
  1085 | D:1      | Found a faded altar of an unknown god.
  1708 | D:2      | Noticed Sigmund
  1728 | D:2      | Killed Sigmund
  1729 | D:2      | Reached skill level 6 in Crossbows
  1729 | D:2      | Reached XP level 4. HP: 25/35 MP: 4/4
  1729 | D:2      | Reached XP level 5. HP: 29/41 MP: 5/5
  1729 | D:2      | Reached XP level 6. HP: 33/47 MP: 6/6
  1895 | D:2      | Noticed Jessica
  1920 | D:2      | Killed Jessica
  2820 | D:3      | Noticed Natasha
  2930 | D:2      | Reached skill level 7 in Crossbows
  3538 | D:3      | Killed Natasha
  3539 | D:3      | Reached XP level 7. HP: 52/52 MP: 7/7
  3544 | D:3      | Noticed Natasha
  3553 | D:3      | Killed Natasha
  3834 | D:3      | Noticed Natasha
  3837 | D:3      | Killed Natasha
  4282 | D:4      | Reached skill level 8 in Crossbows
  4570 | D:4      | Reached skill level 1 in Armour
  5256 | D:4      | Found Yloep's Antique Weapon Boutique.
  5325 | D:5      | Entered Level 5 of the Dungeon
  5345 | D:5      | Noticed Menkaure
  5592 | D:4      | Reached XP level 8. HP: 61/61 MP: 8/8
  5794 | D:5      | Noticed Prince Ribbit
  6184 | D:5      | Reached skill level 5 in Fighting
  6883 | D:5      | Reached skill level 1 in Shields
  7125 | D:5      | Found a radiant altar of Vehumet.
  7188 | D:5      | Found a shimmering blue altar of Sif Muna.
  7441 | D:5      | Killed Menkaure
  7442 | D:5      | Reached XP level 9. HP: 69/69 MP: 9/9
  7464 | D:5      | Found a runed translucent door.
  7465 | D:5      | Noticed Crazy Yiuf
  7471 | D:5      | Cast into level 1 of the Abyss (Crazy Yiuf)
  7509 | Abyss:1  | Noticed a hell hog
  7509 | Abyss:1  | Noticed a sixfirhy
  7512 | Abyss:1  | Noticed a spatial maelstrom
  7515 | Abyss:1  | HP: 2/69 [sixfirhy (6)]
  7515 | Abyss:1  | Mangled by a sixfirhy

Illustrated notes

Levels and vault maps discovered:
D:1:      onia_arrival_mini_spirals, layout_loops_ring,
          shapermc_ecumenical_altar_starsandcircs
D:2:      layout_loops_cross, uniq_jessica, uniq_sigmund
D:3:      layout_loops_ring, uniq_natasha
D:4:      layout_basic, serial_shops, shop
D:5:      lemuel_castle_with_subvaults [lemuel_castle_interior_original],
          layout_cave_pools, nicolae_sif_muna_little_library,
          mainiacjoe_overflow_cross_hatched, grunt_ministairs_15, uniq_menkaure,
          uniq_prince_ribbit1, uniq_crazy_yiuf_cottage
Abyss:1:  base:
D:4

Skill      XL: |  1  2  3  4  5  6  7  8 |
---------------+-------------------------+-----
Fighting       | 3 4 6 |  6.0
Crossbows      | 6 7 8 |  8.9
Armour         | 2 4 |  4.0
Shields        | 3 |  3.0
Dodging        | |  1.7
Stealth        | |  1.2

Action                   |  1- 3 |  4- 6 |  7- 9 || total
-------------------------+-------+-------+-------++-------
Melee: Short sword       |    95 |    28 |       ||   123
       Dagger            |       |   127 |   545 ||   672
 Fire: Hand crossbow     |    20 |    11 |   111 ||   142
Throw: Stone             |       |       |     1 ||     1
  Use: Scroll            |       |       |    12 ||    12
 Stab: Sleeping          |     1 |       |       ||     1
       Distracted        |       |       |     1 ||     1
Armor: Leather armour    |    27 |    42 |   114 ||   183
       Chain mail        |       |    31 |   421 ||   452
Dodge: Dodged            |    64 |    75 |   406 ||   545
Block: Kite shield       |       |       |    51 ||    51

Table legend: (Time is in decaauts)
 A = Elapsed time spent in this place.
 B = Non-inter-level travel time spent in this place.
 C = Inter-level travel time spent in this place.
 D = Time resting spent in this place.
 E = Time spent auto-exploring this place.
 F = Levels seen in this place.
 G = Mean time per level.
                   A        B        C        D        E       F      G
               +--------+--------+--------+--------+--------+-----+--------+
         Total |   7588 |   7220 |    368 |   1470 |   3565 |   6 | 1264.7 |
       Dungeon |   7545 |   7177 |    368 |   1470 |   3565 |   5 | 1509.0 |
         Abyss |     43 |     43 |      0 |      0 |      0 |   1 |   43.0 |
               +--------+--------+--------+--------+--------+-----+--------+

Top non-repeatable levels by time:
     D:5: 1819 daAuts
     D:1: 1654 daAuts
     D:4: 1633 daAuts
     D:2: 1304 daAuts
     D:3: 1133 daAuts
 Abyss:1: 43 daAuts
